Map: [ESL] Radhuset Station

Players

Stats

  • Race: Protoss Protoss
  • League: Master
  • Spawn Location: 7:00

sOs - Winner!

  • Race: Protoss Protoss
  • League: Master
  • Spawn Location: 1:00

Event: IEM Katowice 2024

VOD

Have the link to the VOD?

Description

Time

  • Played on: Dec. 6, 2023, 6:32 a.m.
  • Length: 11:02

All games in this series

Show
View Real Time Build Order
Export as new Build Order

Stats Protoss 

Build Orders: Oracle Opening, Blink Stalkers, Zealot Archon 

Get SALT Encoding   

  12  0:00  Probe  
  13  0:12  Probe  
  14  0:18  Pylon  
  14  0:24  Probe (Chrono Boost)  
  15  0:36  Probe (Chrono Boost)  
  15  0:40  Gateway  
  16  0:45  Probe (Chrono Boost)  
  16  0:47  Assimilator  
  17  0:51  Probe  
  18  1:03  Probe (Chrono Boost)  
  19  1:04  Assimilator  
  19  1:13  Pylon  
  19  1:14  Probe (Chrono Boost)  
  20  1:19  Probe (Chrono Boost)  
  21  1:29  Cybernetics Core, Probe  
  21  1:32  Zealot  
  24  1:42  Probe  
  25  1:54  Probe  
  26  2:05  Stargate  
  28  2:17  Nexus  
  28  2:20  Warp Gate  
  26  2:23  Probe  
  27  2:34  Pylon  
  27  2:36  Probe  
  28  2:48  Probe  
  28  2:49  Oracle (Chrono Boost)  
  32  3:00  Probe  
  32  3:02  Twilight Council  
  33  3:12  Probe  
  34  3:22  Stalker  
  37  3:27  Gateway, Probe (Chrono Boost)  
  37  3:30  Probe (Chrono Boost)  
  38  3:39  Probe (Chrono Boost)  
  38  3:40  Blink (Chrono Boost), Probe (Chrono Boost)  
  40  3:44  Probe (Chrono Boost)  
  41  3:48  Probe  
  42  3:56  Probe  
  42  4:00  Gateway, Probe  
  44  4:08  Probe  
  45  4:10  Stalker  
  45  4:12  Probe  
  48  4:20  Probe  
  48  4:23  Stalker  
  51  4:24  Probe  
  51  4:26  Pylon  
  52  4:33  Nexus  
  52  4:36  Probe  
  52  4:37  Probe  
  52  4:39  Stalker  
  52  4:44  Pylon  
  54  4:46  Assimilator  
  54  4:50  Probe  
  54  4:51  Probe  
  56  4:57  Forge  
  56  5:01  Stalker x2  
  56  5:04  Stalker  
  60  5:08  Probe x2  
  60  5:11  Assimilator  
  62  5:20  Probe x2  
  64  5:25  Pylon  
  64  5:28  Stalker x2  
  64  5:29  Stalker  
  64  5:31  Protoss Ground Weapons Level 1 (Chrono Boost)  
  70  5:42  Robotics Facility  
  70  5:43  Probe x2  
  70  5:45  Probe  
  73  5:53  Stalker x2  
  73  5:55  Probe x2 (Chrono Boost)  
  73  5:56  Stalker  
  81  6:02  Probe (Chrono Boost)  
  82  6:07  Probe x2 (Chrono Boost)  
  84  6:11  Probe (Chrono Boost)  
  84  6:13  Probe x2 (Chrono Boost)  
  84  6:17  Probe  
  85  6:20  Pylon  
  85  6:21  Probe x2  
  85  6:22  Charge  
  85  6:23  Gateway  
  85  6:24  Pylon  
  88  6:27  Gateway  
  88  6:31  Observer  
  89  6:33  Probe  
  89  6:34  Templar Archives  
  89  6:38  Probe x2  
  92  6:40  Forge  
  92  6:44  Assimilator  
  92  6:45  Assimilator  
  92  6:47  Pylon  
  92  6:50  Probe  
  92  6:51  Probe x2  
  92  6:52  Observer  
  96  7:00  Gateway  
  96  7:03  Gateway, Probe  
  96  7:04  Gateway  
  96  7:08  Pylon  
  97  7:09  Pylon  
  97  7:14  Protoss Ground Weapons Level 2 (Chrono Boost)  
  97  7:20  Protoss Ground Armor Level 1 (Chrono Boost), Probe x3  
  100  7:25  High Templar  
  100  7:26  High Templar, Zealot x3  
  110  7:30  Archon  
  110  7:32  Pylon  
  110  7:33  Pylon  
  110  7:47  High Templar x2, Zealot  
  110  7:50  Nexus, Photon Cannon  
  116  7:51  Archon  
  116  7:54  Pylon  
  116  7:57  Observer  
  116  8:02  High Templar x2, Zealot  
  116  8:03  Zealot x2  
  126  8:06  Archon  
  126  8:09  Zealot  
  128  8:13  Shield Battery  
  128  8:15  Gateway  
  128  8:16  Gateway  
  128  8:18  Photon Cannon  
  128  8:19  Gateway  
  128  8:21  Gateway  
  128  8:22  Shield Battery  
  128  8:27  High Templar x2, Zealot x2  
  130  8:28  Zealot  
  134  8:34  Probe x3  
  134  8:39  Archon  
  134  8:41  Zealot x3  
  142  8:49  Zealot, High Templar x2, Protoss Ground Armor Level 2 (Chrono Boost)  
  142  8:53  Probe x3  
  151  8:56  Warp Prism  
  153  9:12  High Templar x2  
  153  9:13  Zealot x2  
  153  9:15  Probe  
  153  9:16  Probe x2  
  164  9:18  Probe  
  164  9:19  Archon x2  
  164  9:22  Stalker  
  167  9:27  Pylon x2  
  167  9:29  Pylon  
  167  9:30  Pylon  
  167  9:43  Assimilator x2  
  136  9:56  Zealot x4  
  136  9:57  Zealot, High Templar x3  
  136  9:58  Zealot x4  
  156  10:03  Archon  
  151  10:07  Immortal (Chrono Boost)  
  155  10:18  Robotics Bay  
  155  10:19  Robotics Facility, High Templar  
  155  10:20  Zealot x6  
  155  10:21  Zealot  
  149  10:28  Archon  
  149  10:33  Zealot x4  
  125  10:41  Zealot  
  125  10:42  Zealot x6  
  107  10:51  Zealot  
  107  10:54  Zealot x4  
Show
View Real Time Build Order
Export as new Build Order

sOs Protoss - Winner!

Build Orders: Phoenix Opening 

Get SALT Encoding   

  12  0:00  Probe  
  13  0:12  Probe  
  14  0:19  Pylon  
  14  0:24  Probe  
  15  0:37  Probe (Chrono Boost)  
  16  0:47  Probe (Chrono Boost)  
  17  0:52  Probe (Chrono Boost)  
  18  1:06  Nexus  
  18  1:14  Gateway  
  18  1:17  Probe  
  19  1:22  Assimilator  
  19  1:29  Probe  
  20  1:33  Assimilator  
  20  1:37  Pylon  
  20  1:42  Probe  
  21  1:50  Gateway  
  21  1:54  Probe  
  22  1:57  Pylon  
  22  2:06  Cybernetics Core  
  22  2:12  Probe (Chrono Boost)  
  23  2:18  Probe (Chrono Boost)  
  23  2:22  Pylon  
  24  2:28  Probe x2 (Chrono Boost)  
  26  2:33  Probe (Chrono Boost)  
  28  2:37  Probe  
  28  2:42  Stargate  
  28  2:46  Stalker  
  28  2:49  Warp Gate  
  30  2:51  Probe  
  30  2:54  Probe  
  32  3:01  Stalker  
  35  3:05  Probe  
  35  3:11  Shield Battery  
  35  3:14  Probe (Chrono Boost)  
  35  3:17  Probe (Chrono Boost)  
  37  3:25  Phoenix (Chrono Boost)  
  39  3:29  Probe x2 (Chrono Boost)  
  39  3:32  Pylon  
  41  3:39  Probe  
  41  3:40  Probe  
  42  3:41  Phoenix  
  44  3:54  Probe (Chrono Boost)  
  46  3:56  Probe (Chrono Boost)  
  46  4:01  Robotics Facility  
  46  4:06  Probe (Chrono Boost)  
  46  4:09  Phoenix  
  50  4:11  Probe (Chrono Boost)  
  50  4:12  Probe (Chrono Boost)  
  51  4:18  Probe  
  51  4:20  Pylon  
  52  4:30  Probe x2  
  54  4:33  Assimilator  
  54  4:42  Assimilator, Probe x2  
  54  4:44  Nexus  
  56  4:48  Observer (Chrono Boost)  
  56  4:50  Shield Battery  
  57  4:52  Sentry  
  57  4:54  Pylon, Probe x2  
  61  5:01  Pylon  
  61  5:07  Probe  
  61  5:12  Probe  
  61  5:13  Immortal (Chrono Boost)  
  67  5:18  Forge  
  67  5:19  Probe  
  68  5:25  Probe  
  69  5:29  Sentry, Stalker  
  69  5:31  Probe  
  69  5:34  Phoenix  
  74  5:37  Probe, Pylon  
  74  5:38  Twilight Council  
  74  5:42  Pylon  
  75  5:43  Probe  
  75  5:49  Protoss Ground Weapons Level 1 (Chrono Boost), Probe  
  77  5:55  Immortal (Chrono Boost)  
  81  5:58  Gateway, Probe x2  
  81  6:01  Gateway  
  83  6:10  Charge  
  83  6:15  Probe x2 (Chrono Boost)  
  85  6:23  Probe (Chrono Boost)  
  85  6:24  Gateway  
  86  6:25  Observer, Gateway  
  86  6:26  Gateway  
  86  6:28  Gateway  
  86  6:32  Probe (Chrono Boost)  
  89  6:33  Probe x2 (Chrono Boost)  
  89  6:34  Immortal (Chrono Boost)  
  89  6:38  Probe  
  94  6:44  Probe x2  
  94  6:45  Pylon  
  96  6:56  Warp Prism  
  96  6:57  Probe  
  96  6:58  Assimilator  
  96  7:00  Gateway x2, Assimilator  
  97  7:04  Pylon  
  97  7:07  Photon Cannon  
  99  7:09  Shield Battery  
  99  7:29  Templar Archives  
  99  7:31  Zealot x8  
  115  7:38  Protoss Ground Weapons Level 2 (Chrono Boost)  
  115  7:39  Pylon  
  115  7:40  Pylon  
  115  7:41  Probe  
  116  7:51  Nexus  
  116  7:53  Pylon  
  116  7:59  Zealot x5  
  126  8:08  High Templar x4  
  126  8:09  Pylon  
  126  8:10  Zealot  
  126  8:12  Archon x2  
  136  8:25  Observer, Shield Battery  
  136  8:27  High Templar x3  
  136  8:28  High Templar  
  136  8:30  Probe  
  136  8:31  Probe x2  
  147  8:37  Archon x2  
  147  8:40  Zealot x5  
  157  8:53  Pylon  
  157  8:56  Pylon  
  157  8:57  Pylon  
  157  8:58  Pylon  
  157  9:00  Pylon  
  157  9:05  High Templar x3  
  157  9:06  High Templar  
  165  9:10  Archon x2  
  165  9:11  Zealot x2  
  165  9:12  Zealot x4  
  165  9:14  Probe  
  165  9:15  Probe x2  
  165  9:16  Fleet Beacon  
  180  9:20  Probe, Pylon  
  180  9:23  Photon Cannon  
  181  9:36  High Templar  
  181  9:37  High Templar, Zealot x6  
  181  9:38  Zealot  
  199  9:41  Archon  
  171  10:06  High Templar x4  
  173  10:07  Zealot x4  
  173  10:09  Zealot x2  
  173  10:10  Archon x2  
  173  10:11  Probe  
  186  10:19  Nexus  
  166  10:31  Zealot x6  
  160  10:39  Zealot x2  
  160  10:40  Zealot x2  
  128  10:53  Zealot x6  

Tags
 
Add a new tag
Caveats
  • Supply blocks, unpowered buildings, or Contaminate may cause inaccurate times.
  • Supply counts are checked every 10 seconds.